 Dungeon Crawl Stone Soup version 0.28-a0-991-g956f0ee3d5 (webtiles) character file.

Game seed: 4499077726525803068

12599 gimp the Geomancer (level 11, -1/82 HPs)
             Began as a Demigod Earth Elementalist on Dec 5, 2021.
             Slain by a blink frog (14 damage)
             ... on level 1 of the Lair of Beasts.
             The game lasted 00:23:57 (14546 turns).

gimp the Geomancer (Demigod Earth Elementalist)    Turns: 14546, Time: 00:23:58

Health: -1/82      AC:  7    Str:  9    XL:     11   Next: 38%
Magic:  17/26      EV: 11    Int: 29    God:
Gold:   506        SH:  0    Dex: 14    Spells: 17/25 levels left

rFire   . . .      SeeInvis .   a - +0 dagger (drain)
rCold   . . .      Faith    .   (no shield)
rNeg    . . .      Spirit   .   z - +0 troll leather armour
rPois   .          Reflect  .   n - +0 helmet
rElec   .          Harm     .   (no cloak)
rCorr   .          Rampage  .   g - +1 pair of gloves
Will    +....                   (no boots)
Stlth   +++.......              (no amulet)
HPRegen 1.03/turn               (no ring)
MPRegen 0.20/turn               (no ring)

@: no status effects
A: high mp 1, forlorn, divine attributes
a: no special abilities


You were on level 1 of the Lair of Beasts.
You visited 2 branches of the dungeon, and saw 12 of its levels.

You collected 506 gold pieces.

Inventory:

Hand Weapons
 a - a +0 dagger of draining (weapon)
 b - a +3 dagger
Missiles
 c - 224 stones
Armour
 g - a +1 pair of gloves (worn)
 n - a +0 helmet (worn)
 z - a +0 troll leather armour (worn)
Magical Staves
 r - a staff of cold
 A - a staff of poison
Jewellery
 t - a ring of willpower
Wands
 j - a wand of flame (22)
 m - a wand of polymorph (5)
 y - a wand of acid (3)
Scrolls
 e - 2 scrolls of teleportation
 f - a scroll of immolation
 i - 2 scrolls of holy word
 p - 2 scrolls of silence
 C - a scroll of fog
Potions
 d - 2 potions of might
 h - 4 potions of curing
 k - 2 potions of lignification {unknown}
 l - a potion of haste
 o - 2 potions of flight
 q - a potion of ambrosia
 s - 2 potions of resistance {unknown}
 u - a potion of magic {unknown}
 v - 3 potions of brilliance {unknown}
 w - a potion of invisibility {unknown}
 x - a potion of attraction {unknown}


   Skills:
 - Level 3.0 Fighting
 - Level 6.0 Short Blades
 - Level 2.0 Dodging
 - Level 6.0 Stealth
 + Level 7.5 Spellcasting
 - Level 4.0 Conjurations
 * Level 7.3 Transmutations
 - Level 10.0 Earth Magic


You had 17 spell levels left.
You knew the following spells:

 Your Spells              Type           Power      Damage    Failure   Level
a - Stone Arrow           Conj/Erth      100%       3d13      1%          3
b - Sandblast             Erth           100%       2d20      1%          1
c - Petrify               Tmut/Erth      57%        N/A       1%          4

Your spell library contained the following spells:

 Spells                   Type           Power      Damage    Failure   Level
 Passwall                 Tmut/Erth      47%        N/A       1%          2
 Spider Form              Tmut/Pois      32%        N/A       4%          3
 Slow                     Hex            40%        N/A       7%          1
 Ensorcelled Hibernation  Hex/Ice        20%        N/A       11%         2
 Confusing Touch          Hex            10%        N/A       21%         3
 Yara's Violent Unravell  Hex/Tmut       16%        3d8       38%         5


Dungeon Overview and Level Annotations

Branches:
Dungeon (11/15)            Temple (0/1) D:7            Lair (1/6) D:8
    Orc: D:9-12

Shops:
D:3 (   D:7 :   D:9 *   D:10 :

Portals:
Trove: D:10 (give horn of Geryon)

Annotations:
D:7 5 runed translucent doors, exclusion: door, Crazy Yiuf


Innate Abilities, Weirdness & Mutations

You have an increased reservoir of magic. (+10% MP)
You shall have no god before yourself.
Your divine heritage dramatically boosts your attributes as you level up.


Message History

The blink frog blinks!
The stone arrow hits the blink frog!!
The blink frog is severely wounded.
The blink frog blinks! x2
You now have 23/26 mp.
The stone arrow misses the blink frog.
The blink frog hits you.
The blink frog blinks!
The blink frog hits you!
You take 14 damage, and have 68/82 hp.
You now have 20/26 mp.
The stone arrow hits the blink frog!!
The blink frog is heavily wounded.
The blink frog barely misses you. The blink frog hits you!
You take 15 damage, and have 53/82 hp.
You now have 17/26 mp.
The stone arrow hits the blink frog!!
You kill the blink frog!
The blink frog blinks!
The blink frog hits you!
The blink frog blinks!
You take 13 damage, and have 40/82 hp.
You now have 14/26 mp.
An electric eel comes into view.
The blink frog blinks! x2
The electric eel shoots out a bolt of lightning at you!
The bolt of electricity hits the plant!
The plant begins to die.
The bolt of electricity hits the plant!
The plant begins to die.
The bolt of electricity hits you. The blink frog hits you!
You take 10 damage, and have 34/82 hp.
The blink frog blinks!
You closely miss the blink frog.
The blink frog is severely wounded.
The blink frog barely misses you. The blink frog completely misses you.
The blink frog closely misses you.
The blink frog blinks!
The blink frog hits you!
* * * LOW HITPOINT WARNING * * *
The blink frog hits you.
* * * LOW HITPOINT WARNING * * *
You take 18 damage, and have 19/82 hp.
MASSIVE DAMAGE!!
The blink frog completely misses you.
The blink frog blinks!
The blink frog blinks!
There is a staircase back to the Dungeon, spattered with blood here.
The blink frog hits you!
* * * LOW HITPOINT WARNING * * *
The blink frog hits you!
You die...

#...................
#........[..)......##
#............#......
#.P...............#
####.#....###......#.#
##.#.....##..........#
#....................# ## ..
............F..F†....####.+...⌠
#...............@#..#..##.#.....
.........^......F..##..#..+F...
..............##...§..##......###
..............#...##...#...##.#..
.................................
................................?
............≈≈P....SP≈≈..........
............≈P≈P≈PP≈≈P≈#..†......
........ ..≈≈≈≈≈P≈≈≈≈P###.....(#


You could see 3 blink frogs and an electric eel.

Vanquished Creatures
  2 two-headed ogres
  A cane toad (D:8)
  A kobold demonologist (D:10)
  A komodo dragon (Lair:1)
  A troll (D:9)
  Prince Ribbit (D:6)
  2 blink frogs (Lair:1)
  A meliai zombie (D:10)
  2 basilisks (D:8)
  26 yaks
  3 wyverns
  9 vampire mosquitoes (D:10)
  2 water moccasins
  An acid dragon (D:10)
  A swamp drake (D:8)
  An ice beast (D:7)
  2 black bears (D:5)
  A sky beast (D:7)
  2 necrophages (D:4)
  4 wolves
  An ogre (D:7)
  A centaur (D:6)
  A phantom (D:6)
  Blork the orc (D:5)
  4 bullfrogs
  A gnoll sergeant (D:9)
  4 scorpions
  A wyvern zombie (D:7)
  3 wyvern skeletons
  3 killer bees
  12 wights (D:10)
  An electric eel (D:10)
  3 vampire bats (D:10)
  A bullfrog zombie (D:6)
  3 centaur zombies
  4 hounds
  2 centaur skeletons
  A jelly (D:7)
  4 orc priests
  A gnoll shaman (D:4)
  4 iguanas
  A scorpion zombie (D:5)
  5 orc wizards
  A killer bee zombie (D:6)
  A hound skeleton (D:4)
  2 howler monkey zombies
  Robin (D:2)
  11 gnolls
  5 adders
  A white imp (D:7)
  An adder skeleton (D:5)
  A worm (D:2)
  5 dart slugs
  16 orcs
  6 ball pythons
  3 bat skeletons (D:10)
  3 bat zombies (D:10)
  5 endoplasms
  2 giant cockroaches
  16 hobgoblins
  2 jackals (D:1)
  2 kobolds
  6 quokkas
  3 bats (D:3)
  4 frilled lizards
  12 goblins
  4 rats
239 creatures vanquished.

Vanquished Creatures (others)
  A fungus (Lair:1)
  12 plants
13 creatures vanquished.

Grand Total: 252 creatures vanquished

Notes
Turn   | Place    | Note
-------+----------+-------------------------------------------
     0 | D:1      | gimp the Demigod Earth Elementalist began the quest for the
                  | Orb.
     0 | D:1      | Reached XP level 1. HP: 14/14 MP: 5/5
    87 | D:1      | Reached skill level 3 in Earth Magic
   234 | D:1      | Reached XP level 2. HP: 20/20 MP: 4/7
  1032 | D:2      | Reached XP level 3. HP: 26/26 MP: 4/8
  1079 | D:2      | Reached skill level 1 in Short Blades
  1115 | D:2      | Noticed Robin
  1506 | D:2      | Killed Robin
  1577 | D:2      | Reached skill level 4 in Earth Magic
  1759 | D:2      | Learned a level 3 spell: Stone Arrow
  1802 | D:2      | Reached XP level 4. HP: 33/33 MP: 6/9
  2741 | D:3      | Reached skill level 1 in Conjurations
  2806 | D:3      | Found Tiskioge's Weapon Shoppe.
  2814 | D:3      | Reached XP level 5. HP: 38/38 MP: 6/10
  2841 | D:3      | Reached skill level 5 in Earth Magic
  3243 | D:4      | Noticed a necrophage
  3246 | D:4      | Killed a necrophage
  3247 | D:4      | Reached XP level 6. HP: 45/45 MP: 8/11
  3764 | D:4      | Reached skill level 6 in Earth Magic
  3766 | D:4      | Reached skill level 1 in Transmutations
  3965 | D:4      | Reached XP level 7. HP: 38/50 MP: 7/13
  4305 | D:5      | Entered Level 5 of the Dungeon
  4795 | D:5      | Noticed Blork the orc
  4799 | D:5      | Killed Blork the orc
  5259 | D:6      | Reached skill level 5 in Transmutations
  5259 | D:6      | Reached XP level 8. HP: 58/58 MP: 11/14
  5292 | D:6      | Reached skill level 1 in Fighting
  5549 | D:6      | Noticed Prince Ribbit
  5558 | D:6      | Killed Prince Ribbit
  6174 | D:7      | Found a huge runed translucent gate.
  6182 | D:7      | Noticed a dream sheep
  6202 | D:7      | Found a huge runed translucent gate.
  6205 | D:7      | Found a huge runed translucent gate.
  6205 | D:7      | Noticed a polar bear
  6206 | D:7      | Found a huge runed translucent gate.
  6206 | D:7      | Noticed a polar bear
  6206 | D:7      | Noticed a polar bear
  6206 | D:7      | Noticed a polar bear
  6206 | D:7      | Noticed a polar bear
  6382 | D:7      | Reached skill level 7 in Earth Magic
  6626 | D:7      | Found a runed translucent door.
  6629 | D:7      | Noticed Crazy Yiuf
  6675 | D:7      | Reached XP level 9. HP: 69/69 MP: 7/17
  6722 | D:7      | Found a staircase to the Ecumenical Temple.
  7191 | D:7      | Found Oloiqewk's Book Shop.
  7673 | D:8      | Found a staircase to the Lair.
  7769 | D:7      | Reached skill level 8 in Earth Magic
  8205 | D:8      | Reached skill level 9 in Earth Magic
  8879 | D:8      | Reached skill level 5 in Spellcasting
  9609 | Lair:1   | Entered Level 1 of the Lair of Beasts
  9610 | Lair:1   | Noticed a komodo dragon
  9623 | Lair:1   | Killed a komodo dragon
  9823 | D:9      | Reached skill level 10 in Earth Magic
 10092 | D:8      | Reached XP level 10. HP: 62/77 MP: 8/21
 10264 | D:9      | Found Nofoyff's Assorted Antiques.
 11633 | D:10     | Entered Level 10 of the Dungeon
 11783 | D:10     | Noticed a two-headed ogre
 12206 | D:10     | Reached skill level 5 in Stealth
 12546 | D:10     | Reached skill level 5 in Short Blades
 12811 | D:10     | Found a portal to a secret trove of treasure.
 13035 | D:10     | Reached XP level 11. HP: 73/82 MP: 12/25
 13131 | D:10     | Killed a two-headed ogre
 13217 | D:10     | Learned a level 4 spell: Petrify
 13575 | D:10     | Found Guet's Book Boutique.
 13846 | D:11     | Noticed a two-headed ogre
 13860 | D:11     | Killed a two-headed ogre
 14546 | Lair:1   | Slain by a blink frog

Illustrated notes

Levels and vault maps discovered:
D:1:      dpeg_arrival_rhombi, layout_basic, nicolae_figureground_sparkle
D:2:      layout_rooms, shapermc_ecumenical_altar_mp_ritualfount, uniq_robin
D:3:      layout_loops_cross, gammafunk_temple_overflow_forgotten, serial_shops,
          shop_fountains, minmay_misc_feat_roman
D:4:      layout_basic, zin_statuary, grunt_ministairs_15
D:5:      layout_rooms, chequers_mini_garden, st_stairs_12,
          kennysheep_generic_room_12, uniq_blork_the_orc
D:6:      layout_cave_pools, minitemple, uniq_prince_ribbit1
D:7:      lemuel_bear_cage, layout_loops_corners, minmay_temple_entry_waves,
          serial_shops, nicolae_shop_trees, enter_ossuary_2,
          uniq_crazy_yiuf_cottage
D:8:      layout_loops_ring, mainiacjoe_overflow_alcove_3, david_lair_generic
D:9:      layout_loops_ring, serial_glass, glass_columns_a, glass_columns_c,
          glass_columns_a, glass_columns_a, serial_shops,
          nicolae_shop_overgrown_old_shop
D:10:     layout_irregular_city, kennysheep_vampire_church, serial_shops,
          kennysheep_mini, nicolae_trove_entry_diagonal,
          kennysheep_opposing_triangles
D:11:     layout_irregular_city
Lair:1:   beast_lair_carwin_large_3, layout_cave_shapes, basic_altar,
          lemuel_fruit_fields, serial_bayou_shore_a, grunt_megastairs_3

Skill      XL: |  1  2  3  4  5  6  7  8  9 10 11 |
---------------+----------------------------------+-----
Earth Magic    | 3 4 5 6 7 10 | 10.0
Spellcasting   | 2 3 5 6 7 |  7.5
Short Blades   | 1 2 5 6 |  6.0
Conjurations   | 1 2 3 4 |  4.0
Dodging        | 2 |  2.0
Transmutations | 2 5 6 7 |  7.3
Fighting       | 3 |  3.0
Stealth        | 2 5 6 |  6.0

Action                   |  1- 3 |  4- 6 |  7- 9 | 10-12 || total
-------------------------+-------+-------+-------+-------++-------
Melee: Dagger            |    13 |    45 |    37 |    49 ||   144
 Cast: Sandblast         |    70 |    62 |    76 |     1 ||   209
       Stone Arrow       |       |       |    92 |   155 ||   247
       Petrify           |       |       |       |     4 ||     4
Evoke: Wand              |       |       |     1 |     1 ||     2
  Use: Potion            |       |     1 |     2 |       ||     3
       Scroll            |       |     3 |    11 |     2 ||    16
 Stab: Sleeping          |       |     2 |       |       ||     2
       Petrified         |       |       |       |     5 ||     5
Armor: Robe              |     7 |    10 |    24 |     3 ||    44
       Troll leather arm |       |       |       |    29 ||    29
Dodge: Dodged            |    20 |    35 |    54 |    89 ||   198

Table legend: (Time is in decaauts)
 A = Elapsed time spent in this place.
 B = Non-inter-level travel time spent in this place.
 C = Inter-level travel time spent in this place.
 D = Time resting spent in this place.
 E = Time spent auto-exploring this place.
 F = Levels seen in this place.
 G = Mean time per level.
                   A        B        C        D        E       F      G
               +--------+--------+--------+--------+--------+-----+--------+
         Total |  14546 |  13793 |    753 |   2492 |   9112 |  12 | 1212.2 |
       Dungeon |  14309 |  13580 |    729 |   2492 |   8986 |  11 | 1300.8 |
          Lair |    236 |    212 |     24 |      0 |    126 |   1 |  236.0 |
               +--------+--------+--------+--------+--------+-----+--------+

Top non-repeatable levels by time:
     D:8: 2710 daAuts
    D:10: 2192 daAuts
     D:7: 1760 daAuts
     D:1: 1310 daAuts
     D:9: 1297 daAuts
     D:4: 1155 daAuts
     D:2: 1124 daAuts
     D:6: 982 daAuts
     D:5: 898 daAuts
     D:3: 831 daAuts
  Lair:1: 236 daAuts
    D:11: 46 daAuts
